 Dungeon Crawl Stone Soup version 0.28-a0-476-g0f06bd746f (webtiles) character file.

Game seed: 1879099585349551887

272 timneilson the Shield-Bearer (level 6, -2/38 HPs)
             Began as a Gargoyle Fighter on Sept 16, 2021.
             Slain by a gnoll (8 damage)
             ... on level 4 of the Dungeon.
             The game lasted 00:04:57 (3087 turns).

timneilson the Shield-Bearer (Gargoyle Fighter)     Turns: 3087, Time: 00:04:58

Health: -2/38      AC: 16    Str: 21    XL:     6   Next: 23%
Magic:  6/6        EV:  7    Int:  9    God:
Gold:   117        SH:  4    Dex:  9    Spells: 5/5 levels left

rFire   . . .      SeeInvis .   a - +0 long sword (venom)
rCold   . . .      Faith    .   c - +0 buckler
rNeg    + . .      Spirit   .   f - +0 chain mail
rPois   ∞          Reflect  .   (no helmet)
rElec   +          Harm     .   e - +0 cloak
rCorr   .          Rampage  .   b - +0 pair of gloves
Will    .....                   (no boots)
Stlth   ..........              (no amulet)
HPRegen 0.12/turn               (no ring)
MPRegen 0.10/turn               (no ring)

@: no status effects
A: sickness immunity, AC +4, negative energy resistance 1, electricity
resistance, torment resistance 1, petrification resistance
a: no special abilities


You were on level 4 of the Dungeon.
You visited 1 branch of the dungeon, and saw 4 of its levels.

You collected 117 gold pieces.

Inventory:

Hand Weapons
 a - a +0 long sword of venom (weapon)
Armour
 b - a +0 pair of gloves (worn)
 c - a +0 buckler (worn)
 e - a +0 cloak (worn)
 f - a +0 chain mail (worn)
Scrolls
 d - 3 scrolls of enchant weapon {unknown}
 h - a scroll of teleportation


   Skills:
 + Level 4.2 Fighting
 * Level 3.4 Long Blades
 * Level 4.6 Armour
 * Level 4.8 Shields


You had 5 spell levels left.
You didn't know any spells.
Your spell library contained the following spells:

 Spells                   Type           Power      Damage    Failure   Level
 Ensorcelled Hibernation  Hex/Ice        0%         N/A       99%         2
 Tukima's Dance           Hex            0%         N/A       100%        3


Dungeon Overview and Level Annotations

Branches:
Dungeon (4/15)
 Temple: D:4-7

Altars:

Annotations:
D:3 2 transporters


Innate Abilities, Weirdness & Mutations

You are immune to sickness and miasma.
Your stone body is resilient. (AC +4)
You are immune to poison.
You resist negative energy. (rN+)
You are resistant to electric shocks. (rElec)
You are resistant to unholy torment.
You are immune to petrification.


Message History

You are too injured to fight recklessly!
You are too injured to fight recklessly!
You are too injured to fight recklessly!
You are too injured to fight recklessly!
You are too injured to fight recklessly!
You are too injured to fight recklessly!
You are too injured to fight recklessly!
You are too injured to fight recklessly!
You are too injured to fight recklessly!
You are too injured to fight recklessly!
Unknown command.
The gnoll barely misses you.
The gnoll hits you but does no damage. x2
You slash the gnoll!
You kill the gnoll!
You block the gnoll's attack.
The gnoll hits you from afar with a +0 halberd.
* * * LOW HITPOINT WARNING * * *
The gnoll hits you but does no damage.
Things that are here:
a +0 flail; a +1 leather armour of cold resistance You hit the gnoll.
The gnoll is lightly wounded.
The gnoll hits you but does no damage. The gnoll barely misses you.
You block the gnoll's attack.
You slash the gnoll!
The gnoll is poisoned.
The gnoll is almost dead.
You kill the gnoll!
The gnoll closely misses you. The gnoll closely misses you.
Things that are here:
a +0 spear; a gnoll corpse You closely miss the gnoll.
The gnoll is moderately wounded.
The gnoll hits you with a +0 halberd.
* * * LOW HITPOINT WARNING * * *
You barely miss the gnoll.
The gnoll is moderately wounded.
The gnoll hits you with a +0 halberd!
You die...

...# #..# ####..#
.....# .# #.... .#
#.># .# ###).#####
.#
#.....)@.####.###.#
#.#..###g.........
#...........######
#.........<.......
##################


You could see a gnoll.

Vanquished Creatures
  A scorpion (D:3)
  A gnoll shaman (D:3)
  7 gnolls
  3 adders
  An adder skeleton (D:3)
  3 worms
  A dart slug (D:1)
  10 orcs
  7 ball pythons
  6 endoplasms
  8 goblins
  6 hobgoblins
  3 jackals (D:3)
  2 bats
  3 frilled lizards
  4 kobolds
  3 rats
69 creatures vanquished.

Notes
Turn   | Place    | Note
-------+----------+-------------------------------------------
     0 | D:1      | timneilson the Gargoyle Fighter began the quest for the
                  | Orb.
     0 | D:1      | Reached XP level 1. HP: 14/14 MP: 1/1
   238 | D:1      | Reached XP level 2. HP: 13/19 MP: 2/2
   830 | D:2      | Reached XP level 3. HP: 22/23 MP: 3/3
  1366 | D:2      | Found a faded altar of an unknown god.
  1467 | D:2      | Reached XP level 4. HP: 29/29 MP: 4/4
  1816 | D:3      | Noticed a scorpion
  1824 | D:3      | Killed a scorpion
  1825 | D:3      | Reached XP level 5. HP: 33/33 MP: 5/5
  2085 | D:3      | Found a transporter.
  2125 | D:3      | Found a transporter.
  2289 | D:3      | Reached XP level 6. HP: 19/38 MP: 6/6
  3087 | D:4      | Slain by a gnoll

Illustrated notes

Levels and vault maps discovered:
D:1:      nagdon_arrival_double_spiral, layout_rooms, grunt_decor_arrowhead
D:2:      layout_basic, chequers_ecumenical_altar_simple
D:3:      gammafunk_steamed_eel, layout_basic, grunt_ministairs_15
D:4:      layout_loops_ring, grunt_temple_overflow_open, item_on_display_a

Skill      XL: |  1  2  3  4  5 |
---------------+----------------+-----
Long Blades    | 2 3 |  3.4
Armour         | 4 |  4.6
Shields        | 4 |  4.8
Fighting       | 4 |  4.2

Action                   |  1- 3 |  4- 6 || total
-------------------------+-------+-------++-------
Melee: Long sword        |   109 |   168 ||   277
  Use: Scroll            |     3 |     3 ||     6
       Potion            |       |     2 ||     2
Armor: Scale mail        |     9 |       ||     9
       Chain mail        |    54 |    99 ||   153
       Skin              |       |    10 ||    10
Dodge: Dodged            |    54 |    52 ||   106
Block: Buckler           |    26 |    37 ||    63

Table legend: (Time is in decaauts)
 A = Elapsed time spent in this place.
 B = Non-inter-level travel time spent in this place.
 C = Inter-level travel time spent in this place.
 D = Time resting spent in this place.
 E = Time spent auto-exploring this place.
 F = Levels seen in this place.
 G = Mean time per level.
                   A        B        C        D        E       F      G
               +--------+--------+--------+--------+--------+-----+--------+
         Total |   3163 |   3041 |    122 |    218 |   2133 |   4 |  790.8 |
       Dungeon |   3163 |   3041 |    122 |    218 |   2133 |   4 |  790.8 |
               +--------+--------+--------+--------+--------+-----+--------+

Top non-repeatable levels by time:
     D:3: 1290 daAuts
     D:2: 1037 daAuts
     D:1: 777 daAuts
     D:4: 57 daAuts
